Map: Slaying Fields

Players

molton

  • Race: Protoss Protoss
  • League: Gold
  • Spawn Location: 11:00

CCTEMPLER

  • Race: Zerg Zerg
  • Spawn Location: 12:00

Amix

  • Race: Protoss Protoss
  • Spawn Location: 9:00

A.I. 3 (Very Hard)

  • Race: Terran Terran
  • Spawn Location: 3:00

A.I. 4 (Elite)

  • Race: Terran Terran
  • Spawn Location: 6:00

A.I. 5 (Elite)

  • Race: Zerg Zerg
  • Spawn Location: 5:00

VOD

Have the link to the VOD?

Description

Time

  • Played on: Nov. 25, 2016, 6:20 p.m.
  • Length: 12:57
Show
View Real Time Build Order
Export as new Build Order

molton Protoss 

Build Orders:  

Get SALT Encoding   

  12  2:28  Probe (Chrono Boost)  
  13  2:33  Pylon  
  13  2:38  Probe (Chrono Boost)  
  13  2:43  Nexus  
  14  2:45  Pylon  
  14  2:49  Probe (Chrono Boost)  
  14  2:51  Assimilator  
  15  2:56  Assimilator  
  15  3:00  Probe (Chrono Boost)  
  15  3:02  Gateway  
  15  3:04  Gateway  
  16  3:05  Forge  
  16  3:10  Probe (Chrono Boost)  
  17  3:21  Probe (Chrono Boost)  
  18  3:30  Pylon  
  18  3:31  Probe (Chrono Boost)  
  19  3:35  Gateway  
  19  3:37  Gateway  
  19  3:42  Probe (Chrono Boost)  
  19  3:45  Protoss Ground Weapons Level 1  
  19  3:46  Assimilator  
  20  3:49  Cybernetics Core  
  20  3:50  Photon Cannon  
  20  3:52  Probe (Chrono Boost)  
  21  3:58  Probe (Chrono Boost)  
  22  4:03  Probe (Chrono Boost)  
  22  4:08  Probe (Chrono Boost)  
  22  4:09  Zealot  
  26  4:25  Zealot x2  
  26  4:27  Mothership Core (Chrono Boost)  
  26  4:29  Warp Gate (Chrono Boost)  
  32  4:32  Probe (Chrono Boost)  
  33  4:43  Probe (Chrono Boost)  
  34  4:46  Probe (Chrono Boost)  
  35  5:05  Probe x2 (Chrono Boost)  
  37  5:12  Assimilator  
  37  5:15  Robotics Facility, Probe x2 (Chrono Boost)  
  37  5:17  Zealot x3  
  45  5:39  Protoss Ground Armor Level 1 (Chrono Boost)  
  45  5:43  Probe (Chrono Boost), Pylon  
  45  5:46  Probe (Chrono Boost)  
  47  5:53  Probe (Chrono Boost)  
  47  5:56  Probe  
  49  6:05  Probe  
  49  6:06  Probe  
  51  6:22  Nexus  
  51  6:24  Assimilator  
  51  6:26  Assimilator  
  51  6:27  Immortal  
  51  6:29  Pylon  
  55  6:33  Probe  
  55  6:34  Probe  
  55  6:37  Pylon  
  57  6:43  Twilight Council  
  57  6:44  Probe  
  57  6:45  Probe  
  59  6:47  Robotics Bay  
  59  6:48  Gateway  
  59  6:55  Probe  
  60  7:05  Probe  
  60  7:06  Observer, Probe  
  60  7:08  Protoss Air Armor Level 1  
  63  7:17  Stalker x4, Probe  
  72  7:27  Probe  
  72  7:29  Probe  
  74  7:35  Probe  
  75  7:37  Probe  
  75  7:41  Probe  
  77  7:45  Probe  
  77  7:48  Probe  
  79  7:56  Probe, Protoss Ground Weapons Level 2 (Chrono Boost)  
  79  7:57  Stalker  
  82  8:02  Probe  
  82  8:03  Probe  
  84  8:07  Probe  
  84  8:08  Charge (Chrono Boost)  
  84  8:11  Observer Gravitic Boosters  
  85  8:14  Probe  
  85  8:15  Probe  
  85  8:16  Immortal  
  91  8:27  Robotics Facility  
  91  8:30  Zealot  
  93  8:41  Gateway  
  93  8:45  Gateway  
  93  8:46  Gateway  
  93  8:48  Gateway  
  91  8:53  Pylon  
  91  8:57  Pylon  
  91  9:03  Pylon  
  91  9:08  Zealot  
  93  9:11  Immortal  
  93  9:13  Pylon  
  97  9:27  Stalker x4  
  87  9:36  Immortal  
  81  9:43  Stalker x2  
  81  9:50  Immortal  
  81  9:52  Stalker x2  
  69  9:53  Stalker x2  
  69  9:55  Protoss Ground Armor Level 2  
  65  10:09  Stalker x2  
  61  10:14  Stalker x3  
  61  10:15  Stalker  
  61  10:17  Zealot x2  
  61  10:18  Zealot  
  67  10:34  Stalker x2  
  57  10:39  Stalker  
  51  10:43  Stalker x3  
  51  10:44  Stalker x2  
  69  11:00  Zealot x2  
  69  11:01  Zealot  
  72  11:15  Zealot  
  72  11:16  Zealot x3  
  72  11:17  Zealot  
  56  11:31  Pylon  
  46  11:46  Stalker x5  
  46  11:47  Stalker x2  
  47  11:48  Stalker x2  
  30  12:03  Pylon  
  30  12:07  Pylon  
  23  12:09  Zealot  
  23  12:11  Zealot  
  25  12:18  Zealot  
Show
View Real Time Build Order
Export as new Build Order

CCTEMPLER Zerg 

Build Orders: Pool First 

Get SALT Encoding   

  12  0:01  Drone  
  13  0:12  Overlord  
  13  0:18  Drone  
  14  0:34  Spawning Pool  
  13  0:37  Drone  
  13  0:42  Drone  
  15  0:45  Drone  
  16  0:51  Drone  
  17  0:57  Extractor  
  17  0:59  Drone  
  17  1:22  Zergling x4  
  17  1:23  Queen  
  21  1:38  Hatchery, Zergling x2  
  21  1:43  Drone  
  22  1:55  Overlord  
  22  2:04  Overlord  
  22  2:13  Roach Warren  
  21  2:17  Drone  
  21  2:18  Evolution Chamber  
  21  2:26  Drone  
  22  2:33  Drone  
  23  2:38  Drone x2  
  23  2:42  Drone, Extractor  
  25  2:51  Drone  
  25  2:53  Queen  
  28  3:05  Drone  
  29  3:08  Roach  
  29  3:09  Roach  
  33  3:13  Queen  
  33  3:18  Drone x2  
  37  3:24  Drone x2  
  39  3:43  Drone  
  39  3:45  Drone x3  
  43  3:52  Lair  
  43  4:00  Drone  
  44  4:20  Spore Crawler  
  43  4:26  Drone  
  43  4:28  Overlord x3  
  44  4:56  Drone  
  44  4:57  Drone x4  
  49  5:08  Roach  
  51  5:15  Spire  
  51  5:19  Drone x2  
  51  5:20  Drone, Spire, Hatchery  
  51  5:23  Roach x6  
  51  5:27  Zergling x4  
  65  5:44  Extractor  
  65  5:49  Extractor  
  63  5:56  Drone x3, Spore Crawler  
  65  5:57  Spore Crawler  
  65  5:58  Spore Crawler  
  65  5:59  Drone x3  
  66  6:17  Metabolic Boost  
  66  6:32  Overlord x3  
  66  6:40  Queen  
  66  6:41  Drone  
  66  6:42  Drone  
  66  6:43  Drone x2  
  66  6:45  Drone x2  
  66  6:46  Overlord x3  
  74  7:05  Mutalisk x5  
  84  7:13  Drone  
  84  7:14  Drone  
  84  7:15  Drone  
  87  7:20  Zerg Flyer Weapons Level 1  
  87  7:28  Spore Crawler  
  86  7:36  Drone  
  86  7:37  Drone x2  
  89  7:48  Mutalisk x3  
  95  8:04  Zergling x2  
  96  8:08  Mutalisk x2, Zergling x6  
  104  8:12  Drone  
  104  8:13  Drone x2  
  106  8:23  Drone, Extractor  
  106  8:25  Extractor  
  105  8:28  Drone x2  
  107  8:52  Drone  
  107  8:53  Drone x3  
  111  9:02  Mutalisk x2  
  111  9:03  Mutalisk x3  
  111  9:07  Zergling x2  
  122  9:10  Overlord x2  
  122  9:23  Zerg Flyer Weapons Level 2, Zerg Flyer Armor Level 1  
  104  10:02  Mutalisk  
  104  10:03  Mutalisk x5  
  104  10:05  Mutalisk  
  114  10:10  Mutalisk  
  114  10:12  Zergling x6  
  114  10:13  Zergling x4  
  120  10:32  Mutalisk x2  
  120  10:33  Mutalisk  
  120  10:39  Queen  
  119  10:45  Mutalisk  
  115  10:51  Drone x2  
  115  10:52  Drone  
  118  11:05  Mutalisk x2  
  118  11:07  Mutalisk x3  
  128  11:17  Mutalisk  
  130  11:21  Zergling x8  
  130  11:22  Zergling x2  
  130  11:24  Mutalisk  
  119  11:41  Unknown  
  117  11:48  Unknown  
  107  11:55  Mutalisk x2  
  107  11:56  Mutalisk  
  107  11:57  Mutalisk x2  
  76  12:13  Drone  
  77  12:23  Drone x3  
Show
View Real Time Build Order
Export as new Build Order

Amix Protoss 

Build Orders: 1 Gate Expand 

Get SALT Encoding   

  12  0:02  Probe (Chrono Boost)  
  13  0:15  Pylon  
  13  0:18  Probe (Chrono Boost)  
  14  0:32  Probe (Chrono Boost)  
  15  0:36  Gateway  
  15  0:42  Probe (Chrono Boost)  
  16  1:09  Nexus  
  16  1:14  Probe (Chrono Boost)  
  17  1:22  Assimilator  
  17  1:24  Zealot  
  19  1:27  Probe (Chrono Boost)  
  20  1:44  Pylon  
  20  1:45  Probe (Chrono Boost)  
  21  1:53  Zealot  
  23  2:02  Probe (Chrono Boost)  
  24  2:13  Probe (Chrono Boost)  
  25  2:20  Zealot, Gateway  
  25  2:21  Gateway  
  27  2:36  Cybernetics Core  
  27  2:41  Probe (Chrono Boost)  
  27  2:42  Probe (Chrono Boost)  
  29  2:47  Zealot  
  31  2:52  Pylon  
  31  3:12  Forge  
  31  3:13  Stalker  
  31  3:14  Zealot  
  31  3:17  Warp Gate (Chrono Boost)  
  31  3:18  Probe x2 (Chrono Boost)  
  37  3:25  Adept  
  39  3:34  Mothership Core (Chrono Boost)  
  41  3:35  Probe (Chrono Boost)  
  42  3:48  Photon Cannon  
  42  3:59  Photon Cannon  
  42  4:02  Probe (Chrono Boost)  
  42  4:03  Probe  
  44  4:11  Adept x2  
  44  4:12  Probe, Adept  
  44  4:16  Probe  
  52  4:23  Probe  
  52  4:24  Pylon  
  52  4:30  Probe  
  54  4:32  Protoss Ground Weapons Level 1  
  54  4:35  Assimilator  
  54  4:41  Probe  
  54  4:42  Assimilator  
  54  4:43  Assimilator, Probe  
  56  5:06  Nexus  
  57  5:07  Probe x2  
  58  5:23  Stalker x2  
  62  5:41  Gateway  
  62  5:42  Gateway x2  
  62  6:10  Pylon x2  
  62  6:12  Protoss Ground Armor Level 1, Pylon  
  62  6:18  Probe x2  
  64  6:20  Pylon  
  64  6:21  Protoss Air Weapons Level 1 (Chrono Boost)  
  64  6:28  Zealot x3  
  64  6:30  Probe x2  
  72  6:33  Probe  
  73  6:42  Probe x2  
  73  6:45  Probe  
  78  6:54  Probe x2  
  78  6:57  Probe  
  79  7:06  Probe x2  
  81  7:09  Probe  
  81  7:11  Pylon  
  81  7:12  Pylon  
  81  7:13  Pylon  
  82  7:18  Probe x2  
  82  7:21  Probe  
  85  7:25  Stargate  
  85  7:26  Stargate  
  85  7:28  Stargate  
  85  7:30  Probe x2  
  85  7:33  Probe  
  85  7:34  Assimilator  
  85  7:35  Assimilator  
  87  8:00  Stalker x3  
  87  8:05  Zealot x3  
  99  8:13  Void Ray x3 (Chrono Boost)  
  111  8:23  Probe x3  
  84  8:35  Probe x2  
  76  8:42  Adept x4  
  76  8:43  Adept x2  
  88  8:56  Void Ray (Chrono Boost)  
  90  9:08  Stalker  
  90  9:09  Stalker x3  
  66  9:28  Void Ray (Chrono Boost)  
  66  9:30  Void Ray (Chrono Boost)  
  65  9:39  Pylon  
  65  9:40  Pylon  
  65  9:46  Pylon  
  65  9:48  Zealot  
  65  9:49  Zealot x5  
  76  10:02  Probe, Mothership Core  
  79  10:14  Pylon  
  70  10:17  Pylon  
  15  11:38  Pylon  
  15  12:14  Nexus  
Show
View Real Time Build Order
Export as new Build Order

A.I. 3 (Very Hard) Terran 

Build Orders: MMM Bio 

Get SALT Encoding   

  12  0:01  SCV  
  13  0:13  SCV  
  14  0:19  Supply Depot  
  14  0:25  SCV  
  15  0:29  Refinery  
  15  0:40  SCV  
  16  0:47  Barracks  
  16  0:52  SCV  
  17  1:05  SCV  
  17  1:09  Supply Depot  
  18  1:17  SCV  
  19  1:29  SCV  
  20  1:36  Marine, Factory  
  21  1:44  Barracks  
  21  1:46  SCV  
  22  1:54  Marine  
  22  1:58  SCV  
  24  2:03  Supply Depot  
  24  2:10  SCV  
  24  2:12  Marine  
  26  2:22  SCV, Factory Tech Lab  
  27  2:30  Marine  
  27  2:34  SCV  
  27  2:35  Marine  
  30  2:43  Siege Tank  
  33  2:46  SCV  
  34  3:03  Command Center  
  34  3:09  Orbital Command  
  34  3:15  Refinery  
  34  3:25  Marine  
  35  3:28  Marine  
  36  3:35  SCV  
  37  3:43  Marine  
  37  3:46  Marine  
  37  3:48  Supply Depot  
  39  3:59  Barracks  
  39  4:02  Barracks Tech Lab  
  39  4:06  Barracks Tech Lab  
  39  4:09  SCV  
  40  4:14  SCV  
  40  4:21  Marine, SCV  
  42  4:26  Marine, SCV  
  42  4:30  Stimpack  
  44  4:34  SCV, Combat Shields  
  45  4:38  SCV  
  45  4:41  Marauder  
  48  4:46  SCV  
  48  4:47  Marauder  
  48  4:50  SCV  
  48  4:52  Marine  
  53  4:58  SCV  
  53  4:59  Supply Depot  
  54  5:03  Marauder, SCV  
  57  5:08  Marauder  
  57  5:10  SCV  
  60  5:16  Refinery, Orbital Command  
  60  5:19  Barracks Reactor  
  60  5:22  SCV  
  60  5:24  Marauder  
  60  5:25  Supply Depot  
  63  5:30  Marauder  
  63  5:34  SCV  
  65  5:45  Marauder  
  65  5:46  SCV, Engineering Bay  
  68  5:50  Marine  
  68  5:52  SCV  
  68  5:53  Supply Depot  
  68  5:55  Marine  
  71  5:58  SCV  
  71  6:03  Siege Tank  
  71  6:04  SCV  
  76  6:07  Marauder  
  78  6:14  Marauder, SCV  
  78  6:15  Terran Infantry Weapons Level 1  
  78  6:16  SCV  
  78  6:17  Supply Depot  
  82  6:21  Concussive Shells  
  82  6:26  SCV  
  82  6:28  Marauder  
  82  6:31  Refinery  
  85  6:36  Engineering Bay  
  85  6:38  SCV  
  85  6:39  Marauder  
  88  6:40  SCV, Missile Turret  
  88  6:44  Supply Depot  
  89  6:50  Marauder  
  89  6:51  Missile Turret  
  89  6:52  Command Center  
  91  6:56  SCV  
  91  7:00  Marauder  
  94  7:02  Terran Infantry Armor Level 1  
  94  7:09  Supply Depot  
  94  7:10  Siege Tank  
  94  7:11  Marauder  
  99  7:21  Marauder  
  101  7:25  Barracks  
  101  7:31  Starport  
  101  7:32  Marauder  
  101  7:33  Supply Depot  
  103  7:40  Marine  
  103  7:42  Siege Tank  
  103  7:43  Marauder  
  109  7:55  Marine, Marauder  
  109  7:56  Missile Turret  
  109  7:58  Supply Depot  
  111  8:04  Marauder  
  113  8:05  SCV  
  113  8:06  SCV  
  113  8:08  SCV, Starport Tech Lab  
  116  8:14  Widow Mine  
  116  8:16  Marauder  
  116  8:18  SCV  
  121  8:21  Orbital Command  
  121  8:24  SCV  
  121  8:25  Supply Depot  
  121  8:26  Medivac  
  121  8:27  Marine  
  121  8:30  Marine, SCV  
  121  8:34  Marine  
  115  8:35  Marine  
  115  8:36  SCV  
  115  8:37  Marine  
  102  8:42  SCV  
  102  8:43  Siege Tank  
  102  8:45  Marine  
  102  8:48  Marine, SCV  
  95  8:52  Marine  
  95  8:53  SCV  
  95  8:55  SCV  
  100  8:56  Marauder, Raven  
  100  8:59  Marine  
  100  9:01  SCV  
  104  9:03  Marine  
  104  9:05  SCV  
  104  9:06  Marine  
  104  9:07  SCV  
  104  9:09  Marine  
  105  9:13  SCV  
  105  9:16  Marine  
  107  9:17  Marine  
  107  9:19  SCV  
  107  9:21  Marine  
  107  9:23  Marine  
  102  9:25  SCV  
  101  9:35  SCV  
  101  9:37  SCV  
  103  9:40  Marine  
  103  9:42  Marine  
  105  9:47  SCV  
  105  9:49  SCV  
  107  9:58  Marauder, Command Center  
  107  9:59  SCV, Liberator  
  110  10:01  Marauder, SCV  
  113  10:11  SCV  
  113  10:12  Supply Depot  
  113  10:13  SCV  
  115  10:20  Marauder  
  120  10:22  Marauder  
  120  10:23  SCV  
  120  10:25  SCV  
  123  10:32  Hellion  
  123  10:35  SCV  
  126  10:37  SCV  
  126  10:39  Marine, Supply Depot  
  126  10:40  Marine  
  126  10:41  Marauder  
  126  10:42  Marine, Liberator  
  122  10:43  Marauder  
  122  10:47  SCV  
  122  10:49  SCV  
  121  10:57  Marine  
  117  10:58  Marine  
  117  10:59  Marine  
  117  11:02  Marine  
  124  11:04  Marine  
  124  11:07  Supply Depot  
  125  11:14  Marine  
  126  11:20  Marine, Marauder, Command Center  
  126  11:23  Marine  
  126  11:24  Marine  
  126  11:25  Liberator  
  131  11:32  Marine  
  131  11:39  Siege Tank  
  138  11:48  Supply Depot  
  137  11:59  Factory  
  136  12:11  Hellion  
  140  12:32  Hellion  
  142  12:41  Supply Depot  
Show
View Real Time Build Order
Export as new Build Order

A.I. 4 (Elite) Terran 

Build Orders: MMM Bio 

Get SALT Encoding   

  12  0:01  SCV  
  13  0:13  SCV  
  14  0:18  Supply Depot  
  14  0:25  SCV  
  15  0:39  SCV  
  16  0:44  Barracks  
  16  0:52  SCV  
  17  1:04  SCV  
  18  1:11  Refinery  
  18  1:13  Supply Depot  
  18  1:16  SCV  
  19  1:28  SCV  
  20  1:33  Marine  
  21  1:44  Command Center  
  21  2:08  SCV  
  21  2:09  Barracks  
  21  2:12  Marine  
  21  2:14  Factory  
  23  2:20  SCV  
  24  2:26  Supply Depot  
  24  2:30  Marine  
  24  2:32  SCV  
  26  2:45  SCV  
  26  2:48  Marine  
  28  2:56  Orbital Command  
  28  2:57  SCV  
  29  3:00  Factory Tech Lab  
  29  3:01  Refinery  
  29  3:11  Orbital Command  
  29  3:14  Marine  
  29  3:17  Marine  
  31  3:22  SCV  
  32  3:32  Marine  
  32  3:34  Marine, SCV  
  34  3:37  SCV  
  36  3:44  Barracks  
  36  3:46  SCV  
  37  3:49  SCV  
  37  3:50  Marine  
  37  3:53  Barracks Tech Lab  
  39  3:58  SCV  
  39  4:00  Supply Depot  
  39  4:01  SCV  
  41  4:09  Barracks Tech Lab  
  41  4:10  SCV  
  41  4:11  Marine  
  41  4:12  Stimpack  
  41  4:13  SCV  
  41  4:14  Siege Tank  
  47  4:22  SCV  
  48  4:25  SCV  
  48  4:27  Marine, Combat Shields  
  48  4:29  Marine  
  48  4:30  Marine  
  52  4:32  Supply Depot  
  52  4:34  SCV  
  52  4:37  SCV  
  52  4:38  Supply Depot  
  54  4:44  Marine  
  55  4:46  SCV  
  55  4:47  Marauder  
  55  4:49  SCV  
  59  4:56  Ghost Academy  
  59  4:58  SCV  
  60  5:02  SCV  
  60  5:03  Marauder  
  63  5:09  Marauder  
  63  5:11  Refinery, SCV  
  63  5:14  SCV, Supply Depot  
  66  5:18  Refinery  
  66  5:23  SCV  
  66  5:24  Marauder  
  66  5:26  SCV  
  70  5:30  Marauder  
  70  5:35  SCV  
  73  5:38  SCV  
  73  5:39  Supply Depot  
  74  5:46  Marauder, Engineering Bay  
  74  5:47  SCV  
  77  5:50  SCV  
  77  5:51  Ghost  
  77  5:54  Command Center  
  80  5:59  SCV  
  80  6:02  SCV  
  82  6:05  Supply Depot  
  82  6:07  Marauder  
  84  6:11  SCV  
  84  6:13  Terran Infantry Armor Level 1  
  85  6:20  Marauder  
  85  6:22  Engineering Bay  
  85  6:25  Barracks Reactor, Concussive Shells  
  87  6:28  Ghost  
  87  6:30  Supply Depot  
  89  6:34  Starport  
  89  6:41  Marauder  
  91  6:49  Missile Turret  
  91  6:52  Missile Turret  
  91  6:53  Terran Infantry Weapons Level 1  
  91  6:56  Supply Depot, Ghost  
  91  6:59  Barracks  
  93  7:02  Marine  
  93  7:04  Marine  
  93  7:07  SCV  
  96  7:09  Refinery, SCV  
  96  7:10  SCV  
  96  7:13  Medivac  
  100  7:19  SCV  
  100  7:21  Marauder, SCV  
  104  7:23  SCV  
  104  7:25  Marauder  
  107  7:31  SCV  
  107  7:33  SCV  
  107  7:34  Supply Depot  
  107  7:35  SCV  
  110  7:41  Personal Cloaking  
  110  7:42  Marauder  
  110  7:43  SCV, Medivac  
  115  7:45  SCV  
  115  7:47  Marauder, SCV  
  115  7:48  Command Center  
  119  7:55  SCV  
  119  7:59  SCV  
  119  8:00  Orbital Command  
  119  8:02  Ghost  
  119  8:05  Supply Depot  
  122  8:08  Marauder, SCV  
  122  8:11  SCV  
  126  8:17  Missile Turret  
  126  8:18  Medivac  
  128  8:20  SCV, Missile Turret  
  128  8:23  Marine x2, SCV  
  128  8:26  Marine, SCV  
  133  8:30  Marauder  
  133  8:32  Marauder, Supply Depot  
  138  8:41  Marine  
  139  8:49  Starport Reactor  
  139  8:51  Marauder  
  139  8:53  Marauder  
  143  8:55  Missile Turret  
  143  8:59  Hellion  
  143  9:00  Supply Depot  
  145  9:12  Marauder  
  145  9:15  Marauder  
  148  9:17  Marine  
  148  9:18  Marine  
  148  9:20  Hellion  
  151  9:25  Viking, Supply Depot  
  151  9:27  Viking  
  151  9:28  Marine  
  153  9:33  Marine  
  153  9:35  Marine  
  153  9:37  Liberator  
  153  9:42  Hellion  
  153  9:46  Refinery  
  153  9:49  Refinery  
  151  9:53  Supply Depot  
  151  9:54  Marine  
  151  9:56  Refinery  
  151  9:57  Viking  
  157  10:03  Hellion  
  157  10:06  Missile Turret  
  159  10:07  Marauder  
  159  10:10  Liberator  
  159  10:11  Missile Turret  
  159  10:12  Marine  
  162  10:20  Supply Depot, Liberator  
  159  10:24  SCV  
  159  10:25  Hellion  
  164  10:29  Marauder  
  164  10:35  SCV  
  166  10:36  Missile Turret  
  169  10:49  Planetary Fortress  
  169  10:50  Command Center  
  169  10:53  Liberator  
  169  11:03  Liberator, Missile Turret  
  169  11:07  Nuke  
  169  11:09  Missile Turret  
  172  11:19  Marine  
  172  11:20  Marine  
  172  11:22  Marine  
  172  11:23  Marine  
  179  11:27  Missile Turret  
  179  11:32  Factory  
  179  11:36  Liberator  
  179  11:38  Starport  
  179  11:46  Liberator  
  179  11:50  Missile Turret  
  179  11:52  Siege Tank  
  180  12:01  Marine  
  164  12:03  Marine  
  167  12:12  Refinery, Planetary Fortress  
  167  12:14  Command Center, Starport Tech Lab  
  167  12:15  Cyclone  
  167  12:18  Missile Turret  
  170  12:24  Hellion  
  170  12:25  Missile Turret  
  170  12:28  Refinery  
  172  12:35  Marine  
  172  12:36  Missile Turret  
  179  12:41  Missile Turret  
  181  12:48  Armory  
  188  12:53  Factory  
  188  12:56  Armory  
Show
View Real Time Build Order
Export as new Build Order

A.I. 5 (Elite) Zerg 

Build Orders: Pool First 

Get SALT Encoding   

  12  0:01  Drone  
  13  0:12  Overlord  
  13  0:17  Drone  
  14  0:30  Drone x2  
  16  0:42  Spawning Pool  
  15  0:44  Drone  
  15  0:48  Drone  
  17  1:11  Hatchery  
  17  1:13  Drone  
  17  1:18  Extractor  
  16  1:19  Extractor  
  16  1:21  Drone  
  16  1:25  Drone  
  17  1:29  Drone  
  18  1:38  Drone  
  19  1:48  Overlord  
  19  1:56  Queen  
  21  2:02  Zergling x2  
  22  2:10  Drone  
  23  2:22  Queen  
  23  2:29  Drone  
  26  2:34  Drone  
  27  2:39  Drone  
  27  2:43  Drone  
  28  2:46  Drone  
  29  2:57  Roach Warren  
  28  2:59  Drone  
  28  3:02  Drone  
  28  3:04  Zergling x2  
  31  3:07  Zergling x2  
  31  3:12  Overlord  
  32  3:15  Drone  
  32  3:18  Drone  
  34  3:38  Roach x2  
  34  3:39  Roach x2, Lair  
  42  3:43  Overlord  
  42  3:47  Overlord  
  42  3:50  Zergling x2  
  42  3:51  Zergling x2  
  44  4:01  Drone x3, Zergling x2  
  44  4:02  Drone  
  49  4:04  Drone  
  49  4:08  Overlord  
  50  4:12  Zergling x2  
  50  4:14  Roach  
  52  4:17  Roach  
  52  4:20  Roach  
  52  4:23  Roach  
  58  4:26  Overlord  
  58  4:32  Drone  
  58  4:34  Drone  
  58  4:36  Roach  
  62  4:39  Roach  
  62  4:40  Drone, Hydralisk Den  
  62  4:44  Overlord  
  64  5:03  Drone  
  64  5:06  Overlord  
  65  5:07  Drone  
  65  5:08  Hydralisk x2  
  65  5:09  Drone, Hydralisk x2  
  65  5:11  Drone, Hydralisk  
  65  5:13  Drone  
  65  5:14  Drone  
  80  5:22  Drone  
  80  5:23  Infestation Pit  
  80  5:25  Overlord  
  80  5:26  Drone  
  81  5:36  Roach x2  
  81  5:37  Roach  
  81  5:38  Roach  
  89  5:44  Roach x3  
  89  5:49  Hatchery  
  94  5:54  Overlord  
  94  5:57  Roach  
  94  5:59  Infestor  
  98  6:12  Infestor, Extractor  
  98  6:13  Metabolic Boost, Roach x2, Overlord  
  98  6:15  Extractor  
  98  6:16  Drone  
  103  6:28  Evolution Chamber  
  103  6:30  Drone  
  103  6:32  Overlord  
  103  6:33  Evolution Chamber  
  103  6:35  Drone x2  
  103  6:36  Drone x2  
  106  6:40  Drone  
  106  6:41  Drone x2  
  109  6:50  Drone, Evolution Chamber  
  109  6:54  Zerg Melee Weapons Level 1  
  109  6:59  Zerg Ground Armor Level 1  
  109  7:01  Drone  
  110  7:02  Drone x2  
  110  7:03  Drone x2  
  110  7:04  Drone, Overlord  
  110  7:07  Drone  
  116  7:08  Extractor  
  116  7:12  Drone x2, Overseer  
  116  7:14  Drone  
  116  7:15  Drone, Zerg Missile Weapons Level 1  
  119  7:17  Drone  
  119  7:19  Drone  
  119  7:20  Drone  
  119  7:21  Drone  
  124  7:22  Drone  
  124  7:26  Overlord  
  124  7:28  Drone  
  125  7:30  Drone  
  125  7:32  Drone  
  127  7:39  Drone  
  127  7:41  Drone  
  127  7:42  Ravager  
  127  7:43  Ravager, Hydralisk, Roach  
  135  7:44  Hydralisk, Roach  
  135  7:49  Overlord, Zergling x2  
  135  7:50  Hydralisk, Zergling x2  
  143  7:53  Infestor  
  145  8:07  Infestor, Extractor  
  145  8:09  Overlord  
  145  8:10  Pathogen Glands  
  145  8:12  Hatchery  
  145  8:25  Spine Crawler  
  145  8:26  Drone  
  145  8:28  Overlord  
  145  8:29  Spine Crawler  
  145  8:30  Drone  
  145  8:31  Drone x2  
  145  8:32  Drone  
  145  8:33  Zergling x4  
  150  8:37  Queen  
  152  8:44  Hydralisk  
  152  8:47  Hydralisk, Overlord  
  156  8:51  Zerg Melee Weapons Level 2  
  156  9:05  Spire  
  156  9:06  Overlord  
  155  9:11  Zerg Missile Weapons Level 2  
  155  9:13  Spore Crawler  
  155  9:17  Zerg Ground Armor Level 2, Spore Crawler  
  154  9:20  Spine Crawler  
  152  9:24  Spine Crawler  
  152  9:25  Queen  
  152  9:27  Drone  
  152  9:28  Drone  
  152  9:29  Drone x2  
  152  9:30  Drone  
  152  9:31  Drone x2  
  159  9:33  Drone  
  159  9:34  Drone  
  159  9:35  Drone  
  159  9:36  Drone, Extractor  
  159  9:37  Drone, Overseer  
  159  9:38  Drone, Overlord  
  164  9:39  Drone, Overseer  
  164  9:40  Drone  
  160  9:46  Infestor  
  160  9:50  Hatchery  
  160  9:52  Drone  
  162  10:03  Zergling x2  
  162  10:04  Zergling x2  
  162  10:05  Hydralisk  
  152  10:07  Hydralisk, Zergling x4  
  152  10:08  Hydralisk x2  
  152  10:10  Hydralisk, Zergling x2  
  152  10:11  Hydralisk  
  160  10:16  Mutalisk, Zergling x2  
  160  10:17  Zergling x4  
  160  10:18  Mutalisk, Zergling x2  
  160  10:19  Corruptor, Mutalisk  
  160  10:20  Mutalisk  
  171  10:23  Zergling x2  
  171  10:24  Mutalisk  
  171  10:28  Mutalisk  
  173  10:35  Mutalisk, Roach  
  163  10:39  Roach, Extractor  
  163  10:41  Roach  
  162  10:44  Mutalisk  
  162  10:48  Mutalisk  
  166  10:53  Mutalisk  
  166  10:58  Mutalisk  
  168  11:04  Drone, Mutalisk  
  168  11:09  Mutalisk  
  168  11:11  Pneumatized Carapace  
  168  11:13  Zergling x2  
  168  11:14  Zergling x2  
  168  11:15  Zergling x2  
  168  11:16  Mutalisk  
  168  11:18  Mutalisk  
  165  11:20  Roach  
  165  11:21  Roach  
  165  11:24  Zergling x2  
  165  11:25  Zergling x2  
  165  11:26  Mutalisk  
  165  11:27  Extractor  
  165  11:31  Drone  
  165  11:32  Extractor  
  147  11:33  Infestor  
  147  11:34  Hydralisk  
  147  11:36  Drone  
  147  11:37  Hydralisk  
  135  11:40  Roach  
  135  11:41  Roach  
  135  11:43  Hydralisk  
  135  11:44  Hydralisk  
  135  11:46  Roach  
  134  11:52  Infestor  
  136  11:55  Zergling x2  
  136  11:57  Zergling x2  
  136  11:58  Zergling x2  
  136  11:59  Corruptor  
  136  12:01  Ravager  
  142  12:02  Roach  
  142  12:04  Ravager  
  142  12:06  Roach  
  142  12:07  Hydralisk, Spine Crawler  
  148  12:09  Drone, Hydralisk  
  148  12:13  Spore Crawler  
  150  12:16  Drone  
  150  12:17  Spore Crawler  
  150  12:19  Drone  
  151  12:23  Spore Crawler  
  151  12:25  Drone  
  155  12:45  Spine Crawler  
  159  12:51  Spine Crawler  
  159  12:56  Spine Crawler  
Tags
 
Add a new tag
Caveats
  • Supply blocks, unpowered buildings, or Contaminate may cause inaccurate times.
  • Supply counts are checked every 10 seconds.